 Dungeon Crawl Stone Soup version 0.30.1-11-g7821555f0a (webtiles) character file.

Game seed: 11752988063502212022

2847 Eryximachus the Sneak (level 9, -2/61 HPs)
             Began as an Octopode Hedge Wizard on Dec 4, 2023.
             Was an Initiate of Gozag.
             Slain by Crazy Yiuf
             ... wielding a +4 quarterstaff of chaos
              (15 damage)
             ... on level 7 of the Dungeon.
             The game lasted 00:40:21 (12103 turns).

Eryximachus the Sneak (Octopode Hedge Wizard)      Turns: 12103, Time: 00:40:22

Health: -2/61      AC:  1    Str:  9    XL:     9   Next: 74%
Magic:  5/16       EV: 18    Int: 20    God:    Gozag
Gold:   443        SH:  0    Dex: 12    Spells: 2/18 levels left

rFire   . . .        b - +2 dagger (venom)
rCold   . . .        (no shield)
rNeg    . . .        s - +0 hat
rPois   .            g - amulet of regeneration
rElec   .            Z - ring of wizardry
rCorr   .            z - ring of wizardry
SInv    .            H - ring of wizardry
Will    .....        (no ring)
Stlth   ++++         (no ring)
HPRegen 1.10/turn    (no ring)
MPRegen 0.15/turn    (no ring)
                     (no ring)

%: wizardry (x3)
@: agile, very slightly contaminated
A: almost no armour, amphibious, 8 rings, camouflage 1, gelatinous body 1,
(nimble swimmer 1), tentacles
a: Renounce Religion, Potion Petition, Call Merchant, Bribe Branch


You were on level 7 of the Dungeon.
You worshipped Gozag.
Gozag was aware of your devotion.
You visited 2 branches of the dungeon, and saw 9 of its levels.

You collected 479 gold pieces.
You paid 36 gold pieces to Gozag.


Innate Abilities, Weirdness & Mutations

You cannot wear most types of armour.
You are amphibious.
You can wear up to eight rings at the same time.
Your skin changes colour to match your surroundings (Stealth+).
Your rubbery body absorbs attacks. (AC +1, EV +1)
((You are camouflaged when in or above water. (Stealth+)))
You have tentacles for arms and can constrict up to eight enemies at once.


   Skills:
 - Level 5.0 Fighting
 - Level 2.0 Dodging
 - Level 6.0 Stealth
 - Level 5.0 Spellcasting
 - Level 6.0 Conjurations
 - Level 4.0 Summonings
 - Level 1.0 Translocations
 - Level 2.0 Transmutations
 - Level 6.0 Fire Magic
 - Level 2.0 Air Magic
 - Level 3.0 Poison Magic
 * Level 1.7 Evocations


You had 2 spell levels left.
You knew the following spells:

 Your Spells              Type           Power      Damage    Failure   Level
c - Call Imp              Summ           42%        N/A       1%          2
d - Mephitic Cloud        Conj/Pois/Air  19%        N/A       1%          3
m - Magic Dart            Conj           100%       1d8       1%          1
s - Searing Ray           Conj           58%        2d6       1%          2
w - Wereblood             Tmut           13%        N/A       1%          2
B - Blink                 Tloc           18%        N/A       2%          2
X - Flame Wave            Conj/Fire      29%        2d9       1%          4

Your spell library contained the following spells:

 Spells                   Type           Power      Damage    Failure   Level
 Beastly Appendage        Tmut           26%        N/A       1%          1
 Cigotuvi's Dreadful Rot  Necr/Pois/Air  22%        N/A       1%          2
 Slow                     Hex            20%        N/A       2%          1
 Inner Flame              Hex/Fire       17%        N/A       1%          3
 Sticky Flame             Conj/Fire      29%        2d5       1%          4
 Spider Form              Tmut/Pois      15%        N/A       2%          3
 Fulminant Prism          Conj/Hex       8%         3d7       7%          4

Inventory:

Hand Weapons
 b - a +2 dagger of venom (weapon)
Missiles
 A - 2 poisoned darts
Armour
 s - a +0 hat (worn)
Magical Staves
 a - a staff of fire {!a}
Jewellery
 g - an amulet of regeneration (around mantle)
 q - an amulet of the acrobat
 z - a ring of wizardry (right tentacle)
 C - a ring of ice
 F - a ring of fire
 H - a ring of wizardry (on tentacle)
 Z - a ring of wizardry (left tentacle)
Wands
 t - a wand of paralysis (23)
 w - a wand of iceblast (4)
Scrolls
 h - 2 scrolls of silence {unknown}
 k - 2 scrolls of teleportation {@r2}
 l - a scroll of vulnerability {unknown}
 o - 3 scrolls of amnesia {unknown}
 u - a scroll of enchant weapon {unknown}
 v - a scroll of poison {unknown}
 y - 3 scrolls of immolation {unknown}
 B - 2 scrolls of enchant armour {unknown}
 D - 2 scrolls of blinking
 G - a scroll of fear {unknown}
 I - a scroll of fog {unknown}
Potions
 c - a potion of magic
 d - 3 potions of might
 e - 3 potions of heal wounds {@q2}
 f - 4 potions of flight
 i - 3 potions of brilliance
 j - 4 potions of cancellation
 m - a potion of attraction {unknown}
 n - a potion of degeneration {unknown}
 p - 6 potions of curing {@q1}
 r - 2 potions of mutation
 x - a potion of lignification {unknown}
 E - a potion of invisibility {unknown}
 J - a potion of resistance

Dungeon Overview and Level Annotations

Branches:
Dungeon (8/15)             Temple (1/1) D:6
   Lair: D:8-11

Altars:
Ashenzari
Cheibriados
Dithmenos
Elyvilon
Fedhas
Gozag
Hepliaklqana
Kikubaaqudgha
Makhleb
Nemelex Xobeh
Okawaru
Qazlal
Ru
Sif Muna
Trog
Uskayaw
Vehumet
Wu Jian
Xom
Yredelemnul
Zin
The Shining One

Annotations:
D:6 exclusion: wraith
D:7 Crazy Yiuf
D:8 exclusion: manticore

#####.####
♣♣.♣♣ #.#
♣♣.♣ #.#
♣.♣♣ #.#
♣♣.♣ #.#
♣.♣♣ #.#
▒▒'▒▒
#######.#
▒...▒
........#
▒5g.▒
........#
▒)@.▒
........#
▒▒▒▒▒
........#
........#
........##
######...#
# #...# #
##...# #
#...##


You could see Crazy Yiuf (extremely poisoned, ally target) and a friendly
cerulean imp (summoned).


Message History

You miscast Call Imp.
Nothing appears to happen.
Unknown command.
Casting: Call Imp (safe; 1% risk of failure)
Confirm with . or Enter, or press ? or * to list all spells.
A tiny devil pulls itself out of the air.
Crazy Yiuf hits you with a +4 quarterstaff of chaos!
Crazy Yiuf burns you!
* * * LOW HITPOINT WARNING * * *
Unknown command.
You hit Crazy Yiuf. You grab Crazy Yiuf. You squeeze Crazy Yiuf.
Crazy Yiuf is severely wounded.
You constrict Crazy Yiuf.
Crazy Yiuf drinks a potion.
Crazy Yiuf is healed!
Your cerulean imp hits Crazy Yiuf but does no damage.
Unknown command.
You hit Crazy Yiuf.
Crazy Yiuf is poisoned.
You squeeze Crazy Yiuf, but do no damage.
Crazy Yiuf is heavily wounded.
You feel stable enough to blink again.
You constrict Crazy Yiuf, but do no damage.
Crazy Yiuf hits you with a +4 quarterstaff of chaos!
* * * LOW HITPOINT WARNING * * *
You feel agile all of a sudden.
Your cerulean imp hits Crazy Yiuf but does no damage.
You hit Crazy Yiuf.
Crazy Yiuf looks as sick as possible!
You squeeze Crazy Yiuf.
Crazy Yiuf is severely wounded.
You constrict Crazy Yiuf.
Crazy Yiuf hits you with a +4 quarterstaff of chaos!
You die...
Your body crumbles into a pile of gold.

Skill      XL: |  1  2  3  4  5  6  7  8  9 |
---------------+----------------------------+-----
Stealth        | 3 4 6 |  6.0
Conjurations   | 2 3 5 6 |  6.0
Summonings     | 2 3 4 |  4.0
Poison Magic   | 2 3 |  3.0
Air Magic      | 1 2 |  2.0
Fighting       | 2 3 5 |  5.0
Spellcasting   | 4 5 |  5.0
Fire Magic     | 2 5 6 |  6.0
Transmutations | 1 2 |  2.0
Evocations     | 1 |  1.7
Dodging        | |  2.0
Translocations | |  1.0

Action                     |  1- 3 |  4- 6 |  7- 9 || total
---------------------------+-------+-------+-------++-------
  Melee: Dagger            |    34 |    74 |    79 ||   187
         Constrict         |     8 |    18 |    18 ||    44
         Tentacles         |     8 |    20 |    37 ||    65
         Punch             |       |     1 |       ||     1
   Cast: Magic Dart        |    55 |    50 |    44 ||   149
         Call Imp          |     5 |    19 |    32 ||    56
         Blink             |       |     2 |     6 ||     8
         Mephitic Cloud    |       |     3 |    13 ||    16
         Flame Wave        |       |       |    15 ||    15
         Searing Ray       |       |       |    21 ||    21
         Wereblood         |       |       |     2 ||     2
    Use: Scroll            |     3 |     3 |     4 ||    10
   Stab: Sleeping          |     2 |     5 |       ||     7
         Distracted        |       |     2 |       ||     2
 Armour: Skin              |     1 |     5 |     8 ||    14
  Dodge: Dodged            |    20 |    66 |    69 ||   155

Levels and vault maps discovered:
D:1:      co_arrival_square_in_a_square_in_a_square, layout_basic,
          shapermc_ecumenical_altar_totnotflames, serial_corexii_hall,
          chequers_hall_statues_corner_a, corexii_hall_statues_i
D:2:      layout_basic, minmay_tromino_i4
D:3:      layout_basic, mainiacjoe_overflow_chevrons,
          nicolae_overflow_hallway_of_the_gods, uniq_natasha, uniq_robin,
          uniq_jessica
D:4:      layout_basic, grunt_ashenzari_visionary
          [grunt_ashenzari_visionary_swamp, grunt_ashenzari_visionary_snake],
          minmay_cut_off
D:5:      layout_cave_pools, st_stairs_4
D:6:      layout_cave_pools, minmay_temple_entry_junction_2
D:7:      layout_basic, serial_curves, eino_curves_02, eino_curves_02,
          eino_curves_01, minmay_increasing_density, uniq_crazy_yiuf_cottage
D:8:      layout_basic, okawaru_gym_becter, lair_entry_dummy
Temple:   nicolae_temple_slightly_damp_pantheon

Notes
Turn   | Place    | Note
-------+----------+-------------------------------------------
     0 | D:1      | Eryximachus the Octopode Hedge Wizard began the quest for
                  | the Orb.
     0 | D:1      | Reached XP level 1. HP: 11/11 MP: 4/4
   278 | D:1      | Reached skill level 3 in Stealth
   304 | D:1      | Reached XP level 2. HP: 17/17 MP: 0/6
   361 | D:1      | Learned a level 2 spell: Call Imp
   646 | D:1      | Reached skill level 2 in Conjurations
   845 | D:1      | Reached XP level 3. HP: 21/21 MP: 4/7
   976 | D:1      | Learned a level 2 spell: Blink
  1202 | D:1      | Found a faded altar of an unknown god.
  1237 | D:1      | Reached skill level 2 in Summonings
  2235 | D:2      | Reached XP level 4. HP: 27/27 MP: 5/8
  2603 | D:2      | Reached skill level 3 in Summonings
  2936 | D:3      | Noticed Robin
  2942 | D:3      | Learned a level 3 spell: Mephitic Cloud
  2993 | D:3      | Noticed Jessica
  2993 | D:3      | Found a white marble altar of Elyvilon.
  3001 | D:3      | Killed Jessica
  3002 | D:3      | Reached XP level 5. HP: 31/31 MP: 4/9
  3061 | D:3      | Reached skill level 1 in Poison Magic
  3081 | D:3      | Noticed Natasha
  3089 | D:3      | Killed Natasha
  3090 | D:3      | Reached skill level 1 in Air Magic
  3090 | D:3      | Noticed Natasha
  3103 | D:3      | Killed Natasha
  3104 | D:3      | Reached skill level 3 in Conjurations
  3108 | D:3      | Noticed Natasha
  3118 | D:3      | Killed Natasha
  3389 | D:3      | Found a radiant altar of Vehumet.
  3389 | D:3      | Found a burning altar of Makhleb.
  3394 | D:3      | Found a sacrificial altar of Ru.
  3396 | D:3      | Found a shadowy altar of Dithmenos.
  3398 | D:3      | Found a basalt altar of Yredelemnul.
  3400 | D:3      | Found a glowing silver altar of Zin.
  3432 | D:3      | Found a glowing golden altar of the Shining One.
  3469 | D:3      | Reached skill level 2 in Poison Magic
  3509 | D:3      | Killed Robin
  3510 | D:3      | Reached XP level 6. HP: 36/36 MP: 0/10
  3910 | D:4      | Reached skill level 2 in Air Magic
  4436 | D:4      | Found a broken altar of Ashenzari.
  4441 | D:4      | Saw a vision of the Swamp and the Snake Pit.
  4441 | D:4      | Noticed a goliath frog
  4441 | D:4      | Noticed a bloated husk
  4441 | D:4      | Noticed a naga
  4441 | D:4      | Noticed a naga warrior
  4441 | D:4      | Noticed a mana viper
  4441 | D:4      | Noticed a naga ritualist
  4441 | D:4      | Noticed a naga
  4443 | D:4      | Noticed a tyrant leech
  4443 | D:4      | Noticed a black mamba
  4443 | D:4      | Noticed a shock serpent
  4446 | D:4      | Noticed a swamp dragon
  4446 | D:4      | Noticed a ghost crab
  4447 | D:4      | Noticed a spriggan rider
  4448 | D:4      | Noticed a bog body
  4473 | D:5      | Entered Level 5 of the Dungeon
  4501 | D:5      | Reached skill level 4 in Summonings
  4704 | D:5      | Noticed a black bear
  4794 | D:5      | Reached skill level 1 in Fighting
  4794 | D:5      | Reached skill level 3 in Poison Magic
  5043 | D:5      | Reached skill level 2 in Fighting
  5043 | D:5      | Reached XP level 7. HP: 25/45 MP: 10/12
  5154 | D:5      | Learned a level 4 spell: Flame Wave
  5235 | D:5      | Reached skill level 4 in Spellcasting
  5235 | D:5      | Reached skill level 1 in Fire Magic
  5360 | D:5      | Learned a level 2 spell: Wereblood
  5526 | D:5      | Reached skill level 3 in Fighting
  5992 | D:6      | Noticed a steam dragon
  6004 | D:5      | Reached skill level 1 in Transmutations
  6306 | D:6      | Reached skill level 2 in Fire Magic
  6306 | D:6      | Reached XP level 8. HP: 21/52 MP: 9/14
  6553 | D:6      | Reached skill level 4 in Conjurations
  6553 | D:6      | Reached skill level 2 in Transmutations
  6727 | D:6      | Reached skill level 3 in Fire Magic
  6730 | D:6      | Reached skill level 5 in Spellcasting
  7019 | D:6      | Found a staircase to the Ecumenical Temple.
  7038 | Temple   | Entered the Ecumenical Temple
  7199 | Temple   | Became a worshipper of Gozag Ym Sagoz the Greedy
  7341 | D:6      | Noticed a wraith
  7522 | D:6      | Identified a potion of resistance
  7785 | D:7      | Reached skill level 5 in Conjurations
  7951 | D:8      | Reached skill level 4 in Fire Magic
  7957 | D:8      | Learned a level 2 spell: Searing Ray
  8579 | D:8      | Reached skill level 5 in Fire Magic
  8787 | D:8      | Found an iron altar of Okawaru.
  8830 | D:8      | Noticed a wyvern
  8834 | D:8      | Killed a wyvern
  8835 | D:8      | Reached skill level 4 in Stealth
  8835 | D:8      | Reached XP level 9. HP: 56/56 MP: 8/16
  8845 | D:8      | Noticed a hornet
  8887 | D:8      | Noticed a manticore
  9115 | D:8      | Reached skill level 5 in Stealth
  9796 | D:7      | Reached skill level 6 in Stealth
  9875 | D:7      | Found a runed translucent door.
  9876 | D:7      | Noticed Crazy Yiuf
 10257 | D:7      | Reached skill level 6 in Conjurations
 10257 | D:7      | Reached skill level 6 in Fire Magic
 10494 | D:7      | Reached skill level 4 in Fighting
 11120 | D:7      | Reached skill level 5 in Fighting
 11129 | D:7      | Reached skill level 1 in Evocations
 12103 | D:7      | Slain by Crazy Yiuf

Vanquished Creatures
  A wyvern (D:8)
  A steam dragon (D:6)
  3 black bears
  2 orc warriors
  3 ice beasts
  A sky beast (D:7)
  4 centaurs
  An ogre (D:7)
  2 bullfrogs
  2 scorpions
  A wight (D:7)
  A killer bee (D:7)
  A howler monkey (D:7)
  3 hounds
  2 orc priests (D:8)
  A sleepcap (D:8)
  Jessica (D:3)
  Natasha (twice) (D:3)
  3 iguanas
  2 orc wizards
  4 gnolls (D:8)
  4 adders
  2 white imps
  An ufetubus (D:5)
  A worm (D:2)
  2 dart slugs
  8 orcs
  3 bats
  4 endoplasms
  5 giant cockroaches
  11 goblins
  6 hobgoblins
  6 quokkas
  12 ball pythons
  2 frilled lizards (D:3)
  7 kobolds
  4 rats
119 creatures vanquished.

Vanquished Creatures (collateral kills)
  A water moccasin (D:7)
  A sky beast (D:7)
  An ogre (D:7)
  A sleepcap (D:5)
  2 iguanas
  Natasha (D:3)
  An orc wizard (D:5)
  Robin (D:3)
  2 adders (D:2)
  2 worms
  An orc (D:6)
  2 ball pythons (D:2)
  2 giant cockroaches
  A goblin (D:3)
  A hobgoblin (D:3)
  2 jackals (D:2)
22 creatures vanquished.

Grand Total: 141 creatures vanquished

Table legend: (Time is in decaauts)
 A = Elapsed time spent in this place.
 B = Non-inter-level travel time spent in this place.
 C = Inter-level travel time spent in this place.
 D = Time resting spent in this place.
 E = Time spent auto-exploring this place.
 F = Levels seen in this place.
 G = Mean time per level.
                   A        B        C        D        E       F      G
               +--------+--------+--------+--------+--------+-----+--------+
         Total |  12105 |  11697 |    408 |   5947 |   2688 |   9 | 1345.0 |
       Dungeon |  11880 |  11517 |    363 |   5947 |   2522 |   8 | 1485.0 |
        Temple |    225 |    180 |     45 |      0 |    166 |   1 |  225.0 |
               +--------+--------+--------+--------+--------+-----+--------+

Top non-repeatable levels by time:
     D:7: 3166 daAuts
     D:5: 1889 daAuts
     D:1: 1519 daAuts
     D:2: 1445 daAuts
     D:8: 1408 daAuts
     D:4: 903 daAuts
     D:3: 780 daAuts
     D:6: 766 daAuts
  Temple: 225 daAuts

Table legend:
 A = Non-vault XP
 B = Vault XP
 C = Vault XP percentage of total XP
 D = Non-vault monster count
 E = Vault monster count
 F = Vault count percentage of total count
                 A         B        C        D         E       F
            +---------+---------+-------+---------+---------+-------
      Total |    3126 |     942 |  23.2 |     113 |      28 |  19.9
            +---------+---------+-------+---------+---------+-------
        D:1 |      37 |       0 |   0.0 |      20 |       0 |   0.0
        D:2 |      84 |       9 |   9.7 |      27 |       3 |  10.0
        D:3 |     101 |     109 |  51.9 |      14 |      13 |  48.1
        D:4 |      32 |       4 |  11.1 |       5 |       1 |  16.7
        D:5 |     710 |      35 |   4.7 |      11 |       2 |  15.4
        D:6 |     712 |       0 |   0.0 |      10 |       0 |   0.0
        D:7 |     584 |     785 |  57.3 |      10 |       9 |  47.4
        D:8 |     866 |       0 |   0.0 |      16 |       0 |   0.0
            +---------+---------+-------+---------+---------+-------
